 Dungeon Crawl Stone Soup version 0.19.1 (webtiles) character file.

14237 sveltemanboy the Basher (level 12, -10/64 HPs)
             Began as a Gargoyle Monk on Dec 21, 2016.
             Was a High Priest of Makhleb.
             Mangled by a white ugly thing (29 damage)
             ... in an ice cave.
             The game lasted 00:36:54 (10884 turns).

sveltemanboy the Basher (Gargoyle Monk)            Turns: 10884, Time: 00:36:55

Health: -10/64     AC: 24    Str: 19    XL:     12   Next: 14%
Magic:  21/21      EV: 11    Int: 12    God:    Makhleb [*****.]
Gold:   429        SH:  5    Dex: 12    Spells: 0 memorised, 11 levels left

rFire  + . .     SeeInvis .     a - +3 whip (elec)
rCold  . . .     Gourm    .     I - +2 chain mail {rF+}
rNeg   + . .     Faith    .     v - +0 buckler
rPois  ∞         Spirit   .     (no helmet)
rElec  +         Reflect  .     (no cloak)
rCorr  .         Harm     .     s - +2 pair of gloves
MR     .....                    o - +0 pair of boots
Stlth  ..........               g - amulet of regeneration
                                (no ring)
                                F - +3 ring of evasion

@: no status effects
A: negative energy resistance 1, electricity resistance, unbreathing,
petrification resistance, rot immunity, AC +8
a: Minor Destruction, Lesser Servant of Makhleb, Major Destruction, Greater
Servant of Makhleb, Renounce Religion


You were in an ice cave.
You worshipped Makhleb.
Makhleb was extremely pleased with you.
You were not hungry.

You visited 3 branches of the dungeon, and saw 15 of its levels.
You also visited: Sewer and Ice Cave.

You collected 608 gold pieces.
You spent 179 gold pieces at shops.

Inventory:

Hand Weapons
 a - a +3 whip of electrocution (weapon)
Missiles
 B - 4 throwing nets (quivered)
Armour
 e - a +0 shield
 f - a +0 helmet
 o - a +0 pair of boots (worn)
 s - a +2 pair of gloves (worn)
 v - a +0 buckler (worn)
 I - a +2 chain mail of fire resistance (worn)
Jewellery
 g - an amulet of regeneration (around neck)
 F - a +3 ring of evasion (left hand)
Wands
 q - a wand of lightning (10/15)
 D - a wand of iceblast (8/15)
Scrolls
 d - 6 scrolls of identify
 i - a scroll of summoning {unknown}
 k - a scroll of fear
 l - 2 scrolls of enchant armour
 p - a scroll of amnesia
 A - 5 scrolls of remove curse
 C - 5 scrolls of teleportation
 E - 3 scrolls of enchant weapon
Potions
 h - 3 potions of flight
 j - 6 potions of heal wounds
 m - a potion of haste
 n - 4 potions of agility
 r - a potion of resistance
 w - a potion of might
 z - 2 potions of ambrosia
 G - 4 potions of curing
Comestibles
 b - 7 meat rations
 c - 8 bread rations
 t - 7 chunks of flesh


   Skills:
 - Level 3.2 Fighting
 + Level 14.4 Maces & Flails
 - Level 3.0 Armour
 - Level 2.4 Dodging
 - Level 2.1 Stealth
 - Level 5.0 Shields
 + Level 12.0 Invocations


You had 11 spell levels left.
You didn't know any spells.

Dungeon Overview and Level Annotations

Branches:
Dungeon (12/15)            Temple (1/1) D:4            Lair (2/6) D:10
  Swamp (0/4) Lair:2        Snake (0/4) Lair:2          Orc (0/2) D:11

Altars:
Cheibriados
Dithmenos
Elyvilon
Fedhas
Gozag
Hepliaklqana
Kikubaaqudgha
Makhleb
Nemelex Xobeh
Okawaru
Qazlal
Ru
Sif Muna
Trog
Vehumet
Xom
Yredelemnul
The Shining One

Shops:
D:6 !   D:8 !

Portals:
Labyrinth: D:12

Annotations:
D:3 nikopol's ghost, amateur GrBe


Innate Abilities, Weirdness & Mutations

You are resistant to torment.
Your stone body is resilient. (AC +8)
You are immune to poison.
You resist negative energy. (rN+)
You are resistant to electric shocks. (rElec)
You can survive without breathing.
You are immune to petrification.
You are immune to rotting.


Message History

The white ugly thing barely misses you.
You closely miss the white ugly thing.
The white ugly thing is lightly wounded.
You hit the white ugly thing.
There is a sudden explosion of sparks!
The white ugly thing is moderately wounded.
The white ugly thing closely misses you.
You hit the white ugly thing.
The white ugly thing is heavily wounded.
You hit the white ugly thing.
The white ugly thing is heavily wounded.
The white ugly thing punches you! The white ugly thing freezes you!!
Ouch! That really hurt!
You hit the white ugly thing.
There is a sudden explosion of sparks!
The white ugly thing is almost dead.
You closely miss the white ugly thing.
The white ugly thing is almost dead.
The white ugly thing punches you.
* * * LOW HITPOINT WARNING * * *
The white ugly thing freezes you!!
You die...

#.........#
#.........#
#.........#
.......
.....
#####.#####
#$:.u.....#
#[.@......#
#(........#
#.........#
#.........#
##.......##
##.....##
###.###
##.....##
##.......##


You could see a white ugly thing.

Vanquished Creatures
  2 hill giants (D:10)
  Pikel (D:7)
  An unseen horror (D:10)
  An elephant (D:10)
  2 spiny frogs
  A komodo dragon (Lair:1)
  A troll (D:10)
  A slime creature (D:11)
  Grinder (D:6)
  2 hippogriffs
  A wyvern (D:10)
  19 yaks
  A spriggan (D:7)
  A wraith (D:10)
  A hungry ghost (D:9)
  Duvessa (D:4)
  6 water moccasins
  A hornet zombie (D:7)
  12 ice beasts
  4 sky beasts
  A slave (D:7)
  A black bear (D:6)
  2 orc warriors
  A phantom (D:4)
  6 ogres
  A necrophage (D:9)
  A boggart (D:2)
  4 centaurs
  2 crocodiles
  2 big kobolds
  8 bullfrogs
  2 gnoll sergeants (D:10)
  5 scorpions
  Dowan (D:4)
  A wyvern skeleton (D:10)
  A water moccasin skeleton (D:8)
  A wight (D:9)
  4 howler monkeys
  An electric eel (D:10)
  4 crimson imps
  A bullfrog zombie (D:5)
  2 hounds
  2 jellies
  10 orc wizards
  3 bullfrog skeletons
  4 orc priests
  Jessica (D:3)
  3 centaur skeletons
  Ijyb (D:2)
  Terence (D:2)
  9 iguanas
  Natasha (thrice) (D:2)
  7 worker ants
  A killer bee zombie (D:5)
  2 hound zombies
  A hound skeleton (D:4)
  9 adders
  14 gnolls
  2 howler monkey skeletons
  A river rat (Sewer)
  2 shadow imps
  2 adder skeletons (D:5)
  5 worms
  2 dart slugs
  9 leopard geckos
  43 orcs
  3 ball pythons
  4 bats
  5 giant cockroaches
  6 goblins
  11 hobgoblins
  5 jackals
  14 kobolds
  6 quokkas
  3 frilled lizards
  12 rats
318 creatures vanquished.

Vanquished Creatures (collateral kills)
  A troll (D:10)
1 creature vanquished.

Vanquished Creatures (others)
  A slave (D:7)
  A leopard gecko (D:7)
2 creatures vanquished.

Grand Total: 321 creatures vanquished

Notes
Turn   | Place    | Note
-------+----------+-------------------------------------------
     0 | D:1      | sveltemanboy the Gargoyle Monk began the quest for the Orb.
     0 | D:1      | Reached XP level 1. HP: 14/14 MP: 1/1
   119 | D:1      | Reached skill level 1 in Armour
   167 | D:1      | Reached XP level 2. HP: 17/19 MP: 2/2
   863 | D:2      | Reached XP level 3. HP: 23/23 MP: 3/3
   906 | D:2      | Noticed Natasha
   918 | D:2      | Killed Natasha
   918 | D:2      | Reached skill level 4 in Maces & Flails
   918 | D:2      | Reached XP level 4. HP: 17/28 MP: 4/4
  1000 | D:2      | Noticed Natasha
  1018 | D:2      | Killed Natasha
  1089 | D:2      | Noticed Terence
  1133 | D:2      | Killed Terence
  1133 | D:2      | Reached XP level 5. HP: 22/32 MP: 5/5
  1379 | D:2      | Noticed Natasha
  1387 | D:2      | Killed Natasha
  1387 | D:2      | Reached skill level 5 in Maces & Flails
  1395 | D:2      | Noticed Ijyb
  1404 | D:2      | Killed Ijyb
  1454 | D:2      | Noticed Sigmund
  1458 | D:2      | Noticed Sigmund
  1458 | D:2      | Sigmund changed into Sigmund the boggart
  1464 | D:2      | Killed Sigmund the boggart
  1464 | D:2      | Reached skill level 6 in Maces & Flails
  1464 | D:2      | Reached XP level 6. HP: 34/37 MP: 6/6
  1696 | D:3      | Noticed Jessica
  1715 | D:3      | Killed Jessica
  1729 | D:3      | Found an opulent altar of Gozag.
  1759 | D:3      | Found a faded altar of an unknown god.
  1766 | D:3      | Noticed nikopol's ghost (amateur GrBe)
  1855 | D:3      | Found a hazy altar of Hepliaklqana.
  2173 | D:3      | Found a radiant altar of Vehumet.
  2326 | D:4      | Reached skill level 1 in Shields
  2352 | D:4      | Noticed a phantom
  2391 | D:4      | Killed a phantom
  2391 | D:4      | Reached XP level 7. HP: 41/41 MP: 7/7
  2435 | D:4      | Found a staircase to the Ecumenical Temple.
  2473 | D:4      | Reached skill level 7 in Maces & Flails
  2486 | Temple   | Entered the Ecumenical Temple
  2520 | Temple   | Became a worshipper of Makhleb the Destroyer
  2520 | Temple   | Reached * piety under Makhleb
  2520 | Temple   | Reached ** piety under Makhleb
  2556 | D:4      | Found a shadowy altar of Dithmenos.
  2624 | D:4      | Found a sacrificial altar of Ru.
  2756 | D:4      | Noticed Duvessa
  2758 | D:4      | Noticed Dowan
  2769 | D:4      | Killed Dowan
  2780 | D:4      | Killed Duvessa
  2969 | D:4      | Reached skill level 8 in Maces & Flails
  2969 | D:4      | Reached XP level 8. HP: 45/46 MP: 8/8
  3391 | D:5      | Entered Level 5 of the Dungeon
  3426 | D:5      | Reached skill level 1 in Invocations
  3439 | D:5      | Found an ancient bone altar of Kikubaaqudgha.
  3568 | D:5      | Found a basalt altar of Yredelemnul.
  3624 | D:5      | Found a shimmering altar of Xom.
  3945 | D:5      | Found a glowing drain.
  3949 | Sewer    | Entered a sewer
  4018 | Sewer    | Reached skill level 9 in Maces & Flails
  4056 | Sewer    | Found a white marble altar of Elyvilon.
  4456 | D:6      | Reached skill level 5 in Shields
  4515 | D:6      | Reached *** piety under Makhleb
  4515 | D:6      | Reached XP level 9. HP: 51/51 MP: 11/11
  4815 | D:6      | Reached skill level 10 in Maces & Flails
  4896 | D:6      | Found Wumo's Distillery.
  4905 | D:6      | Bought a potion of curing for 39 gold pieces
  5228 | D:6      | Noticed Grinder
  5249 | D:6      | Killed Grinder
  5249 | D:6      | Reached skill level 5 in Invocations
  5497 | D:7      | Noticed Pikel
  5522 | D:7      | Killed Pikel
  5522 | D:7      | Reached skill level 11 in Maces & Flails
  5637 | D:7      | Reached XP level 10. HP: 56/56 MP: 14/14
  5778 | D:7      | Found a blossoming altar of Fedhas.
  6268 | D:8      | Reached **** piety under Makhleb
  6380 | D:8      | Found a burning altar of Makhleb.
  6724 | D:8      | Reached skill level 12 in Maces & Flails
  6761 | D:8      | Found Qihaga's Distillery.
  6769 | D:8      | Bought a potion of resistance for 140 gold pieces
  6830 | D:8      | Found an opulent altar of Gozag.
  7091 | D:9      | Found an iron altar of Okawaru.
  7107 | D:9      | Found a bloodstained altar of Trog.
  7360 | D:9      | Found a sacrificial altar of Ru.
  8006 | D:9      | Reached XP level 11. HP: 60/60 MP: 17/17
  8043 | D:10     | Entered Level 10 of the Dungeon
  8071 | D:10     | Gained mutation: You have an increased reservoir of magic. (+10% MP) [potion of mutation]
  8071 | D:10     | Gained mutation: You are dopey. (Int -2) [potion of mutation]
  8071 | D:10     | Gained mutation: You are very dopey. (Int -4) [potion of mutation]
  8084 | D:10     | Noticed a hill giant
  8098 | D:10     | HP: 2/60 [hill giant/giant club (27)]
  8105 | D:10     | Killed a hill giant
  8125 | D:10     | Reached skill level 13 in Maces & Flails
  8227 | D:10     | Gained mutation: Scrolls take you a little longer to read. [mutagenic meat]
  8228 | D:10     | Gained mutation: You have a pair of small antennae on your head. [mutagenic meat]
  8228 | D:10     | Lost mutation: You are very dopey. (Int -4) [potion of cure mutation]
  8228 | D:10     | Lost mutation: Scrolls take you a little longer to read. [potion of cure mutation]
  8228 | D:10     | Lost mutation: You are dopey. (Int -2) [potion of cure mutation]
  8228 | D:10     | Lost mutation: You have a pair of small antennae on your head. [potion of cure mutation]
  8228 | D:10     | Lost mutation: You have an increased reservoir of magic. (+10% MP) [potion of cure mutation]
  8263 | D:10     | Reached skill level 10 in Invocations
  8320 | D:10     | Killed an unseen horror
  8483 | D:10     | Found a staircase to the Lair.
  8583 | D:10     | Reached ***** piety under Makhleb
  8784 | D:10     | Noticed a hill giant
  8789 | D:10     | Killed a hill giant
  9430 | D:11     | Found a staircase to the Orcish Mines.
  9822 | D:12     | Noticed a cyclops
  9823 | D:12     | Found a labyrinth entrance.
  9872 | Lair:1   | Entered Level 1 of the Lair of Beasts
 10636 | Lair:1   | Reached skill level 14 in Maces & Flails
 10746 | Lair:2   | Reached XP level 12. HP: 54/64 MP: 20/20
 10808 | Lair:2   | Found a frozen archway.
 10816 | IceCv    | Entered an ice cave
 10824 | IceCv    | Gained mutation: You are partially covered in iridescent scales. (AC +2) [potion of mutation]
 10824 | IceCv    | Gained mutation: You are partially covered in molten scales. (AC +2) [potion of mutation]
 10824 | IceCv    | Gained mutation: Armour fits poorly on your strangely shaped body. [potion of mutation]
 10825 | IceCv    | Gained mutation: You have a pair of small antennae on your head. [potion of mutation]
 10825 | IceCv    | Gained mutation: You are dopey. (Int -2) [potion of mutation]
 10826 | IceCv    | Lost mutation: You are dopey. (Int -2) [potion of cure mutation]
 10826 | IceCv    | Lost mutation: You have a pair of small antennae on your head. [potion of cure mutation]
 10826 | IceCv    | Lost mutation: You are partially covered in molten scales. (AC +2) [potion of cure mutation]
 10826 | IceCv    | Lost mutation: Armour fits poorly on your strangely shaped body. [potion of cure mutation]
 10826 | IceCv    | Lost mutation: You are partially covered in iridescent scales. (AC +2) [potion of cure mutation]
 10884 | IceCv    | Mangled by a white ugly thing

Skill      XL: |  1  2  3  4  5  6  7  8  9 10 11 12 |
---------------+-------------------------------------+-----
Armour         | 1 2 3 |  3.0
Maces & Flails | 4 6 8 9 11 12 14 | 14.4
Shields        | 1 3 5 |  5.0
Invocations    | 3 6 9 11 12 | 12.0
Fighting       | |  3.2
Dodging        | |  2.4
Stealth        | |  2.1

Action                   |  1- 3 |  4- 6 |  7- 9 | 10-12 || total
-------------------------+-------+-------+-------+-------++-------
Melee: Mace              |    82 |   139 |       |       ||   221
       Unarmed           |       |    21 |       |       ||    21
       Flail             |       |    49 |    41 |       ||    90
       Whip              |       |       |   444 |   778 ||  1222
Throw: Throwing net      |       |       |     2 |     1 ||     3
Invok: Lesser Servant of |       |       |     1 |     4 ||     5
       Minor Destruction |       |       |       |    13 ||    13
Evoke: Wand              |       |    11 |       |    13 ||    24
  Use: Scroll            |       |       |     8 |    18 ||    26
       Potion            |       |       |       |     5 ||     5
 Stab: Sleeping          |       |     1 |     2 |       ||     3
  Eat: Chunk             |       |     5 |     9 |    22 ||    36
       Beef jerky        |       |       |     1 |       ||     1
Armor: Ring mail         |    36 |    87 |   155 |    12 ||   290
       Skin              |       |     2 |       |       ||     2
       Chain mail        |       |       |       |   285 ||   285
Dodge: Dodged            |    55 |    93 |   146 |   198 ||   492
Block: Buckler           |       |     2 |    75 |   101 ||   178
